 Dungeon Crawl Stone Soup version 0.31-a0-655-gf2d5465dac (webtiles) character file.

Game seed: 3413407565761215720

81 Essalna the Firebug (level 4, -3/26 HPs)
             Began as a Gargoyle Fire Elementalist on Aug 30, 2023.
             Slain by Terence
             ... wielding a +0 flail
              (5 damage)
             ... on level 3 of the Dungeon.
             The game lasted 00:04:40 (2822 turns).

Essalna the Firebug (Gargoyle Fire Elementalist)    Turns: 2822, Time: 00:04:41

Health: -3/26      AC:  5    Str: 12    XL:     4   Next: 42%
Magic:  1/7        EV: 11    Int: 17    God:
Gold:   136        SH:  0    Dex: 10    Spells: 7/8 levels left

rFire   . . .        d - +0 hand axe
rCold   . . .        (no shield)
rNeg    + . .        a - +0 robe
rPois   ∞            (no helmet)
rElec   +            (no cloak)
rCorr   .            (no gloves)
SInv    .            (no boots)
Will    .....        (no amulet)
Stlth   ++           (no ring)
HPRegen 0.24/turn    (no ring)
MPRegen 0.10/turn

%: no passive effects
@: invisible
A: sickness immunity, AC +3, negative energy resistance 1, electricity
resistance, torment resistance 1, petrification resistance
a: no special abilities


You were on level 3 of the Dungeon.
You visited 1 branch of the dungeon, and saw 3 of its levels.

You collected 136 gold pieces.

Inventory:

Hand Weapons
 d - a +0 hand axe (weapon)
Armour
 a - a +0 robe (worn)
Scrolls
 g - a scroll of immolation {unknown}
 i - 2 scrolls of torment {unknown}
 k - a scroll of butterflies {unknown}
 l - a scroll of enchant weapon {unknown}
 m - a scroll of vulnerability {unknown}
 n - 2 scrolls of fog {unknown}
Potions
 b - a potion of magic
 c - a potion of lignification {unknown}
 e - 2 potions of mutation {unknown}
 f - a potion of invisibility
 h - a potion of might {unknown}
 j - a potion of curing {unknown}
 o - a potion of enlightenment {unknown}


   Skills:
 + Level 1.9 Fighting
 - Level 1.5 Dodging
 - Level 2.2 Stealth
 + Level 2.6 Spellcasting
 + Level 2.4 Conjurations
 + Level 3.6 Fire Magic


You had 7 spell levels left.
You knew the following spells:

 Your Spells              Type           Power      Damage    Failure   Level
a - Foxfire               Conj/Fire      48%        2x1d6     5%          1

Your spell library contained the following spells:

 Spells                   Type           Power      Damage    Failure   Level
 Scorch                   Fire           28%        2d6       6%          2
 Kiss of Death            Conj/Necr      24%        2d7       11%         1
 Inner Flame              Hex/Fire       8%         N/A       26%         3
 Volatile Blastmotes      Fire/Tloc      16%        2d11      26%         3
 Flame Wave               Conj/Fire      12%        2d6       45%         4
 Confusing Touch          Hex            2%         N/A       50%         3
 Dispel Undead            Necr           2%         3d7       88%         4


Dungeon Overview and Level Annotations

Branches:
Dungeon (3/15)

Altars:

Shops:
D:2 =

Annotations:
D:3 Terence


Innate Abilities, Weirdness & Mutations

You are immune to sickness and miasma.
Your stone body is resilient. (AC +3)
You are immune to poison.
You resist negative energy. (rN+)
You are resistant to electric shocks. (rElec)
You are resistant to unholy torment.
You are immune to petrification.


Message History

The foxfire hits Terence but does no damage.
Terence is heavily wounded.
The foxfire hits Terence but does no damage.
Terence is heavily wounded.
Terence hits you with a +0 flail.
Casting: Foxfire (safe; 5% risk of failure)
Confirm with . or Enter, or press ? or * to list all spells.
You conjure some foxfire!
Terence closely misses you.
You hit Terence but do no damage. You punch Terence.
Terence is heavily wounded.
The foxfire hits Terence.
Terence is severely wounded.
The foxfire hits Terence.
Terence is severely wounded.
Terence hits you with a +0 flail.
Casting: Foxfire (safe; 5% risk of failure)
Confirm with . or Enter, or press ? or * to list all spells.
You conjure some foxfire!
Terence barely misses you.
You hit Terence.
Terence is almost dead.
The foxfire hits Terence but does no damage.
Terence is almost dead.
The foxfire hits Terence.
Terence is almost dead.
Terence hits you with a +0 flail!
* * * LOW HITPOINT WARNING * * *
Casting: Foxfire (safe; 5% risk of failure)
Confirm with . or Enter, or press ? or * to list all spells.
You conjure some foxfire!
Terence hits you but does no damage.
You hit Terence but do no damage.
Terence is almost dead.
The foxfire hits Terence but does no damage.
Terence is almost dead.
The foxfire hits Terence but does no damage.
Terence is almost dead.
Terence closely misses you. Terence barely misses you.
It was a potion of invisibility.
You fade into invisibility!
Terence hits you with a +0 flail.
You die...

#.# #.# #.#
#.# #.# #.#
# #.########
#h#.........
#h@@§....)..
#########...
.


You could see Terence (unable to see you) and 2 jackals.

Vanquished Creatures
  An adder (D:2)
  3 worms (D:2)
  6 ball pythons
  2 endoplasms
  A giant cockroach (D:1)
  6 goblins
  6 hobgoblins
  4 jackals (D:2)
  8 kobolds
  4 quokkas
  9 bats
  7 frilled lizards
  6 rats
63 creatures vanquished.

Vanquished Creatures (others)
  200 foxfires
200 creatures vanquished.

Grand Total: 263 creatures vanquished

Notes
Turn   | Place    | Note
-------+----------+-------------------------------------------
     0 | D:1      | Essalna the Gargoyle Fire Elementalist began the quest for
                  | the Orb.
     0 | D:1      | Reached XP level 1. HP: 10/10 MP: 3/3
   331 | D:1      | Reached XP level 2. HP: 16/16 MP: 0/5
   731 | D:1      | Reached skill level 1 in Fighting
   925 | D:1      | Reached XP level 3. HP: 20/20 MP: 2/6
  1467 | D:2      | Found Hayrpheh's Jewellery Boutique.
  1975 | D:2      | Found a faded altar of an unknown god.
  1984 | D:2      | Reached XP level 4. HP: 26/26 MP: 2/7
  2809 | D:3      | Noticed Terence
  2822 | D:3      | Slain by Terence

Illustrated notes

Levels and vault maps discovered:
D:1:      dpeg_arrival_morbid_curiosity, layout_basic
D:2:      layout_loops_corners, serial_shops, shop,
          nicolae_ecumenical_snake_handling
D:3:      layout_basic, minmay_strange_pillars, uniq_robin,
          uniq_crazy_yiuf_cottage, uniq_terence

Skill      XL: |  1  2  3 |
---------------+----------+-----
Fighting       | 1 |  1.9
Conjurations   | 2 |  2.4
Dodging        | |  1.5
Stealth        | |  2.2
Spellcasting   | |  2.6
Fire Magic     | |  3.6

Action                     |  1- 3 |  4- 6 || total
---------------------------+-------+-------++-------
  Melee: Hand axe          |    50 |    28 ||    78
         Punch             |       |     1 ||     1
   Cast: Foxfire           |    91 |    23 ||   114
    Use: Potion            |       |     1 ||     1
   Stab: Sleeping          |     1 |     1 ||     2
 Armour: Robe              |    48 |    18 ||    66
  Dodge: Dodged            |    74 |    26 ||   100

Table legend: (Time is in decaauts)
 A = Elapsed time spent in this place.
 B = Non-inter-level travel time spent in this place.
 C = Inter-level travel time spent in this place.
 D = Time resting spent in this place.
 E = Time spent auto-exploring this place.
 F = Levels seen in this place.
 G = Mean time per level.
                   A        B        C        D        E       F      G
               +--------+--------+--------+--------+--------+-----+--------+
         Total |   2844 |   2773 |     71 |    132 |   2261 |   3 |  948.0 |
       Dungeon |   2844 |   2773 |     71 |    132 |   2261 |   3 |  948.0 |
               +--------+--------+--------+--------+--------+-----+--------+

Top non-repeatable levels by time:
     D:1: 1371 daAuts
     D:2: 1325 daAuts
     D:3: 148 daAuts
